[Event "Early-Titled-Tuesday-Blitz-February-27-2024"]
[Site "Chess.com"]
[Date "2024.02.27"]
[Round "3"]
[White "Mr_ruthless"]
[Black "mestrefeitosa19"]
[Result "1-0"]
[WhiteElo "2474"]
[BlackElo "2248"]
[TimeControl "180+1"]
[EndTime "8:28:21 PST"]
[Termination "Mr_ruthless won on time"]

1. d4 d5 2. c4 e6 3. Nf3 Nf6 4. g3 Be7 5. Bg2 O-O 6. O-O b6 7. Qc2 Bb7 8. b3 Nbd7 9. Bb2 c5 10. Nbd2 Rc8 11. dxc5 Nxc5 12. cxd5 Bxd5 13. Qb1 Qc7 14. Rc1 Qb7 15. Ng5 g6 16. e4 Bc6 17. e5 Bxg2 18. exf6 Bd6 19. f3 h6 20. Kxg2 hxg5 21. Ne4 Rfd8 22. Nxg5 Bf8 23. Rd1 Bh6 24. h4 Rd5 25.
Rxd5 Qxd5 26. Qd1 Nd3 27. Ba3 b5 28. Bc1 b4 29. Bf4 Rc3 30. Qd2 Nxf4+ 31. Qxf4 Bxg5 32. hxg5 Rc2+ 33. Kh3 e5 34. Qe4 Qe6+ 35. g4 Qd6 36. Rh1 Qd2 37. Qa8+ Kh7 38. Kg3+ Qh2+ 39. Rxh2+ Rxh2 40. Kxh2 e4 41. Qf8 1-0

[Event "Early-Titled-Tuesday-Blitz-February-27-2024"]
[Site "Chess.com"]
[Date "2024.02.27"]
[Round "3"]
[White "LuisFSiles"]
[Black "Orest_Vovk"]
[Result "0-1"]
[WhiteElo "2322"]
[BlackElo "2575"]
[TimeControl "180+1"]
[EndTime "8:28:23 PST"]
[Termination "Orest_Vovk won on time"]

1. e4 g5 2. d4 g4 3. Qxg4 d5 4. Qe2 dxe4 5. Qxe4 Nf6 6. Qh4 Rg8 7. Bg5 Rxg5 8.
Qxg5 Qxd4 9. Nc3 Nc6 10. Nf3 Qb4 11. O-O-O Bd7 12. Qh4 Qxh4 13. Nxh4 Ng4 14. Ne4 f5 15. h3 fxe4 16. hxg4 Bxg4 17. f3 exf3 18. Nxf3 h5 19. Bb5 a6 20. Bxc6+ bxc6 21. Rd4 Rb8 22. b3 Rb5 23. Re1 Bh6+ 24. Kb1 Bg7 25. Rde4 Bf6 26. Ne5 Bf5 27. R4e2 Rc5 28. Nd3 Rc3 29. Rf1 Rxd3 30.
Ref2 Rg3 31. Rxf5 h4 32. Re1 Kd7 33. Re2 Rg4 34. Rf3 Kc8 35. c3 Kb7 36. Kc2 Rg6 37.
a4 Rg8 38. Rf4 Rg3 39. Rb4+ Kc8 40. Rc4 Rg6 41. Kd3 Kb7 42. Ke4 h3 0-1

[Event "Early-Titled-Tuesday-Blitz-February-27-2024"]
[Site "Chess.com"]
[Date "2024.02.27"]
[Round "3"]
[White "Rodalquilar"]
[Black "m_ezat"]
[Result "1-0"]
[WhiteElo "2785"]
[BlackElo "2510"]
[TimeControl "180+1"]
[EndTime "8:28:24 PST"]
[Termination "Rodalquilar won by checkmate"]

1. d4 Nf6 2. Nf3 g6 3. Bf4 Bg7 4. e3 O-O 5. Be2 d6 6. O-O Nfd7 7.
e4 e5 8. Bg5 Qe8 9. Nc3 c6 10.
dxe5 dxe5 11. Qd6 f6 12. Be3 Kh8 13. a4 Rg8 14. Bc4 Bf8 15. Qd2 Rg7 16. a5 Nc5 17. Rfd1 Bg4 18. Be2 Nbd7 19. h3 Bxf3 20. Bxf3 Ne6 21.
Ne2 Ndc5 22. b4 Na6 23. c3 Nac7 24. Qa2 f5 25. Bh6 Rd7 26. Bxf8 Nxf8 27. Ng3 f4 28. Nf1 Nfe6 29. Rxd7 Qxd7 30. Rd1 Qe7 31. Be2 Rd8 32. Qc2 Rxd1 33. Qxd1 Qd8 34. Qb3 Qd6 35. Bc4 Kg7 36. Nh2 Ng5 37. Qc2 h5 38. h4 Nh7 39.
Nf3 Nf6 40. Ng5 Ng4 41. Be2 Ne6 42. Nf3 Nf8 43. Ne1 Nd7 44. Nd3 Ndf6 45. Bf3 Nd7 46. Qe2 Qe7 47. Bxg4 hxg4 48. Qxg4 Nf6 49. Qg5 Qd6 50.
Nxe5 Qd1+ 51. Kh2 Qd6 52. Qxg6+ Kf8 53. Qf7# 1-0

[Event "Early-Titled-Tuesday-Blitz-February-27-2024"]
[Site "Chess.com"]
[Date "2024.02.27"]
[Round "3"]
[White "Bastiandash"]
[Black "KorolDimitriy75"]
[Result "1-0"]
[WhiteElo "2613"]
[BlackElo "2430"]
[TimeControl "180+1"]
[EndTime "8:28:25 PST"]
[Termination "Bastiandash won on time"]

1. e4 c5 2. Nf3 d6 3. Bb5+ Nd7 4. O-O Nf6 5. Re1 a6 6. Bf1 e5 7. c3 Be7 8. d4 O-O 9. a4 b6 10. dxe5 dxe5 11. Nbd2 Qc7 12. Qc2 Bb7 13. Nc4 Rfe8 14. Bg5 Bf8 15. Nfd2 Bc6 16. Ne3 Qb7 17. f3 b5 18. axb5 axb5 19. Nf5 h6 20. Bh4 g6 21. Ne3 c4 22. Bf2 Bc5 23. b4 Bb6 24. g3 Kg7 25. Kg2 h5 26. h4 Nf8 27. Red1 Ne6 28. Be2 Rad8 29. Ndf1 Nxe4 30. Rxd8 Rxd8 31. Bg1 Nf6 32. Rd1 Rxd1 33. Qxd1 Nd5 34. Nxd5 Bxd5 35. Bxb6 Bxf3+ 36. Bxf3 Qxb6 37. Qe2 Qc7 38. Ne3 f5 39. Qd2 e4 40.
Bd1 f4 41. Qd5 f3+ 42. Kf2 Kf6 43. Qxe4 Qa7 44. Qxf3+ Kg7 45. Bc2 1-0

[Event "Early-Titled-Tuesday-Blitz-February-27-2024"]
[Site "Chess.com"]
[Date "2024.02.27"]
[Round "3"]
[White "ritanovikova"]
[Black "maroro07"]
[Result "1-0"]
[WhiteElo "2235"]
[BlackElo "2405"]
[TimeControl "180+1"]
[EndTime "8:28:25 PST"]
[Termination "ritanovikova won on time"]

1. e4 c5 2. Nc3 d6 3. d3 g6 4. Be3 Bg7 5. Qd2 Nc6 6. g3 e6 7. h4 Nf6 8. Bh6 Bxh6 9. Qxh6 Nd4 10. O-O-O b5 11. Bg2 b4 12. e5 bxc3 13. Bxa8 dxe5 14. bxc3 Nf5 15. Bc6+ Ke7 16. Qg5 h6 17. Qd2 Qa5 18.
a4 Kd6 19. Bb5 a6 20. d4 exd4 21. g4 Nxg4 22. Qf4+ e5 23. Qxg4 axb5 24. Ne2 Ne3 25. Qg3 Nxd1 26. Rxd1 Qxa4 27. Nxd4 Qa3+ 28. Kb1 cxd4 29.
Rxd4+ Ke6 30. Re4 Qc5 31. f4 f6 32. fxe5 Bb7 33. Re1 Ra8 34. Qxg6 Qc4 35. exf6+ Kd7 36. Re7+ Kc6 37. f7+ Kc5 38. Re5+ Bd5 39. f8=Q+ 1-0

[Event "Early-Titled-Tuesday-Blitz-February-27-2024"]
[Site "Chess.com"]
[Date "2024.02.27"]
[Round "3"]
[White "nekotyanof"]
[Black "Kopytkin"]
[Result "1/2-1/2"]
[WhiteElo "2632"]
[BlackElo "2460"]
[TimeControl "180+1"]
[EndTime "8:28:27 PST"]
[Termination "Game drawn by repetition"]

1. e4 Nf6 2. e5 Nd5 3. c4 Nb6 4. d4 d6 5. f4 dxe5 6. fxe5 c5 7. d5 e6 8. Nc3 exd5 9. cxd5 c4 10. Nf3 Bc5 11.
Bxc4 O-O 12. Bd3 Bg4 13. h3 Bh5 14. g4 Bg6 15. Bg5 f6 16. Bxg6 hxg6 17. Bh4 g5 18.
Bg3 fxe5 19. Qd3 Qf6 20. Nh2 Bf2+ 21. Ke2 e4 22. Nxe4 Qxb2+ 23. Qd2 Qb5+ 24. Qd3 Qxd3+ 25. Kxd3 Bxg3 26. Nxg3 Nxd5 27. Rhf1 Nc6 28. Rae1 Nf4+ 29. Kc3 Rac8 30. Kb2 Rfd8 31. Rd1 Ne5 32. Rxd8+ Rxd8 33. Nf3 Nxf3 34. Rxf3 Rd2+ 35. Kb3 Rd3+ 36. Rxd3 Nxd3 37. Ne4 Kf8 38. Nxg5 Nf2 39. Ne6+ Kg8 40. Ng5 Kf8 41. Ne6+ Kg8 42. Nf4 g5 43. Ne6 Nxh3 44. Kc4 Kf7 45. Nd8+ Kf6 46. Nxb7 Nf2 47. a4 Nxg4 48. a5 Ne5+ 49.
Kd5 g4 50. Nd6 Nd3 51. Kc4 Ne5+ 52. Kd5 Nd3 53. Kc4 Ne5+ 54. Kd5 1/2-1/2

[Event "Early-Titled-Tuesday-Blitz-February-27-2024"]
[Site "Chess.com"]
[Date "2024.02.27"]
[Round "3"]
[White "anasta10"]
[Black "Let_it_be_1"]
[Result "0-1"]
[WhiteElo "2531"]
[BlackElo "2562"]
[TimeControl "180+1"]
[EndTime "8:28:27 PST"]
[Termination "Let_it_be_1 won by resignation"]

1. Nf3 d5 2. c4 e6 3. g3 Nf6 4. Bg2 Be7 5. O-O O-O 6. b3 c5 7. Bb2 dxc4 8. bxc4 Nc6 9. d3 Qc7 10. Nc3 a6 11. Rb1 b6 12. Bc1 Bb7 13. Bf4 Qd8 14. Qb3 Nd7 15. Rfd1 e5 16. Nxe5 Nd4 17. Qb2 Bxg2 18. Kxg2 b5 19. cxb5 axb5 20. Nxd7 Qxd7 21. e4 b4 22. Nd5 f5 23. Be5 Ne6 24. Nb6 Qc6 25.
Nxa8 fxe4 26. Kg1 Ng5 27. Nc7 Nf3+ 28. Kg2 exd3 29. Rxd3 Nxe5+ 30. f3 Nxd3 31. Qe2 Qxc7 32. Qxd3 Kh8 33. Re1 Bf6 34. Qc4 Bd4 35. Re2 h6 36. h4 Qf7 37. Qd3 c4 38. Qe4 c3 39. f4 Bc5 40.
Rc2 Re8 41. Qc6 Bd4 42. Qc4 Qxc4 0-1

[Event "Early-Titled-Tuesday-Blitz-February-27-2024"]
[Site "Chess.com"]
[Date "2024.02.27"]
[Round "3"]
[White "Chernov_Alexander_A"]
[Black "ProChessWICTH"]
[Result "1-0"]
[WhiteElo "2325"]
[BlackElo "2517"]
[TimeControl "180+1"]
[EndTime "8:28:27 PST"]
[Termination "Chernov_Alexander_A won by resignation"]

1. d4 Nf6 2. Nc3 d5 3. Bg5 e6 4. e4 dxe4 5. Nxe4 Be7 6. Bxf6 Bxf6 7. Nf3 b6 8. Bc4 Bb7 9. Qe2 O-O 10. O-O-O Nd7 11.
h4 Rb8 12. Nfg5 b5 13. Bd3 h6 14. f4 Bd5 15. c3 c5 16. dxc5 Qc7 17. Nh7 Qxf4+ 18. Kb1 Bxe4 19. Bxe4 Rfd8 20. g3 Qe5 21. Nxf6+ Qxf6 22. c6 Nb6 23. Rdf1 Qe7 24. Bc2 Nc4 25. Ka1 Rbc8 26. Qe4 g6 27. h5 Nd2 28. Qe3 g5 29.
Rd1 Rd6 30. Rxd2 Rcd8 31. Rxd6 Qxd6 32. Qe4 f5 33. Qe2 Kf7 34. g4 Qxc6 35. Re1 f4 36. a3 a5 37. Bb1 b4 38. Qc2 bxc3 39. Qh7+ Kf6 40. Qxh6+ Ke7 41. Qxg5+ Ke8 42. Qg8+ Ke7 43. Qg7+ Ke8 44. Qxc3 Qxc3 45. bxc3 Kf7 46. g5 Re8 47.
h6 e5 48. g6+ Kf6 49. Be4 Kg5 50.
h7 Kh6 51. Rd1 Kg7 52. Rd7+ Kf6 1-0

[Event "Early-Titled-Tuesday-Blitz-February-27-2024"]
[Site "Chess.com"]
[Date "2024.02.27"]
[Round "3"]
[White "Yurovskykh_Oleksandr"]
[Black "Binary010"]
[Result "1/2-1/2"]
[WhiteElo "2673"]
[BlackElo "2858"]
[TimeControl "180+1"]
[EndTime "8:28:28 PST"]
[Termination "Game drawn by repetition"]

1. d4 d5 2. Bf4 Nf6 3. e3 c5 4. c3 Nc6 5. Nd2 Bf5 6. Ngf3 e6 7. Qb3 Qc8 8. Be2 c4 9. Qd1 h6 10. O-O Be7 11. Re1 O-O 12. Ne5 Nxe5 13. Bxe5 b5 14. Bf3 Bd3 15. e4 Qd7 16. Bxf6 Bxf6 17. exd5 exd5 18. Nf1 Rfe8 19. Rxe8+ Rxe8 20. Ne3 Be4 21. Bxe4 Rxe4 22. Qf3 Bg5 23. a3 Bxe3 24. fxe3 Qe6 25. Re1 a5 26. Qg3 Kh7 27. h3 f5 28. Qf3 f4 29. Kf2 b4 30. axb4 axb4 31. Re2 Qf5 32. Ke1 b3 33. Kf1 Qg5 34. Kg1 fxe3 35. Qf7 Rf4 36. Qe6 Re4 37. Qf7 Re7 38. Qf3 h5 39. g3 g6 40. Kg2 Kg7 41. Re1 Re6 42. Rf1 Rf6 43. Qxf6+ Qxf6 44. Rxf6 Kxf6 45. Kf3 Kg5 46. Kxe3 h4 47. g4 Kf6 48. Kf4 g5+ 49. Kf3 Ke6 50. Ke3 Kd6 51. Kf3 Ke6 52. Ke3 Kd6 53. Kf3 Ke6 1/2-1/2

[Event "Early-Titled-Tuesday-Blitz-February-27-2024"]
[Site "Chess.com"]
[Date "2024.02.27"]
[Round "3"]
[White "picturesquecheck"]
[Black "FernandoArauzAlonso"]
[Result "1-0"]
[WhiteElo "2490"]
[BlackElo "2648"]
[TimeControl "180+1"]
[EndTime "8:28:28 PST"]
[Termination "picturesquecheck won by resignation"]

1. e4 g6 2. d4 Bg7 3. Nc3 c5 4. Nf3 cxd4 5. Nxd4 Nf6 6. Be3 O-O 7. Bc4 Nc6 8. Bb3 a5 9. O-O Nb4 10. a3 Na6 11. e5 Ne8 12. f4 d6 13. Ndb5 Nec7 14. Bb6 Bd7 15. Nxc7 Nxc7 16. Nd5 Rc8 17. exd6 exd6 18. Nxc7 Rxc7 19. Qxd6 Rc6 20. Qxc6 Bxc6 21.
Bxd8 Rxd8 22. c3 Rd2 23. Rf2 Rd8 24. Rd1 Re8 25. g3 Bf8 26. Rfd2 Kg7 27. h4 Bc5+ 28. Kh2 h5 29. Bc4 Bf3 30. Rf1 Bg4 31. b4 Bb6 32. Bd5 Bc8 33. Bf3 Kf6 34. Rfd1 Kg7 35. Re2 Be6 36. Bxb7 Rb8 37. Bf3 axb4 38. axb4 Rc8 39. Rc1 Bc4 40. Ree1 Rd8 41. Red1 Re8 42. Kg2 Re3 43.
Re1 Rd3 44. Rcd1 Rxc3 45. Rc1 Rxc1 46. Rxc1 Bb5 47. Bc6 Bd3 48. Bd5 Kf6 49. Rc6+ Kf5 50. Rxb6 f6 51. b5 g5 52. fxg5 fxg5 53. hxg5 Kxg5 54. Rb8 h4 55. gxh4+ Kxh4 56. b6 Bg6 57.
b7 Bh7 58. Rh8 Kh5 59. Rxh7+ Kg6 60. Rc7 1-0

[Event "Early-Titled-Tuesday-Blitz-February-27-2024"]
[Site "Chess.com"]
[Date "2024.02.27"]
[Round "3"]
[White "Misterfox120"]
[Black "sotochess"]
[Result "0-1"]
[WhiteElo "2446"]
[BlackElo "2632"]
[TimeControl "180+1"]
[EndTime "8:28:28 PST"]
[Termination "sotochess won by resignation"]

1. d4 Nf6 2. Bf4 d6 3. Nf3 g6 4. Nbd2 Bg7 5. e4 O-O 6. c3 Nbd7 7.
Be2 b6 8. O-O Bb7 9. Qc2 Nh5 10.
Bg5 h6 11. Bh4 g5 12. Bg3 Nxg3 13. hxg3 e6 14. a4 a6 15. b4 c5 16. bxc5 bxc5 17. Rab1 Qc7 18. Nc4 cxd4 19. cxd4 Rac8 20. Rfc1 d5 21.
exd5 Bxd5 22. Qd2 Qa7 23. a5 Nf6 24. Nb6 Rcd8 25. Nxd5 Rxd5 26. Rb6 g4 27. Rxa6 Qd7 28. Nh4 Rxd4 29. Qe3 Rd5 30. Ra7 Qd6 31. a6 Ra5 32. Qf4 Qa3 33. Rd1 Nd5 34. Qe4 Nc3 35. Qd3 Nxd1 36.
Qxd1 Qc5 37. Rb7 Ra1 38. Rb1 Rxb1 39. Qxb1 Bd4 40. Qf1 Qg5 41. Kh2 Rc8 42. f4 gxf3 43.
Qxf3 Rc7 44. Bd3 Kg7 45. Qe4 Be5 46. Qh7+ Kf6 47. Qe4 Qxg3+ 48. Kg1 Rc1+ 49. Bf1 Qf4 50. Qxf4+ Bxf4 51. Kf2 Bb8 52. Nf3 Ba7+ 53. Ke2 Ra1 54.
Kd2 0-1

[Event "Early-Titled-Tuesday-Blitz-February-27-2024"]
[Site "Chess.com"]
[Date "2024.02.27"]
[Round "3"]
[White "hakanazeri2"]
[Black "javirec"]
[Result "1-0"]
[WhiteElo "2616"]
[BlackElo "2303"]
[TimeControl "180+1"]
[EndTime "8:28:28 PST"]
[Termination "hakanazeri2 won on time"]

1. Nf3 Nf6 2. c4 d6 3. Nc3 e5 4. g3 g6 5. Bg2 Bg7 6. O-O O-O 7. d4 Nbd7 8. b3 Re8 9. dxe5 dxe5 10. Bb2 e4 11.
Nd4 a6 12. e3 c5 13. Nde2 Ne5 14. Qxd8 Rxd8 15. Nxe4 Nxe4 16. Bxe4 Rd2 17. Bxe5 Bxe5 18.
Rae1 Bh3 19. Bg2 Bxg2 20. Kxg2 Rxa2 21. Nf4 Bxf4 22. exf4 Kf8 23. Re5 b6 24. Rd1 Re8 25. Rd6 Rxe5 26. fxe5 b5 27. Rc6 bxc4 28. bxc4 Ke7 29.
Rxc5 Ke6 30. Kf3 h5 31. Ke3 a5 32. h3 a4 33. f4 Rg2 34. Rc6+ Ke7 35. Kf3 Rc2 36.
c5 a3 37. Ra6 Rxc5 38. Rxa3 Rc4 39. Ra7+ Ke6 40. Ra6+ Ke7 41. Ra3 Rb4 42. g4 hxg4+ 43. Kxg4 Rb1 44. h4 Rg1+ 45. Rg3 Rf1 46. Kg5 Ke6 47. Rg2 Rf3 48. Re2 Rg3+ 49. Kh6 Kf5 50. Kg7 Ke6 51. Rd2 Rg4 52. Rd6+ Ke7 53. Rf6 Rxh4 54.
Rxf7+ Ke6 55. Rf6+ Ke7 56. Kxg6 Rg4+ 57. Kf5 Rg8 58.
Ra6 1-0

[Event "Early-Titled-Tuesday-Blitz-February-27-2024"]
[Site "Chess.com"]
[Date "2024.02.27"]
[Round "3"]
[White "LiamPutnam2008"]
[Black "ahkashefi2800"]
[Result "0-1"]
[WhiteElo "2794"]
[BlackElo "2586"]
[TimeControl "180+1"]
[EndTime "8:28:29 PST"]
[Termination "ahkashefi2800 won by checkmate"]

1. d4 d5 2. c4 c6 3. Nf3 Nf6 4. e3 Bg4 5. Nbd2 e6 6. h3 Bxf3 7. Qxf3 Nbd7 8. Bd3 Bd6 9. O-O O-O 10. e4 e5 11. exd5 cxd5 12. cxd5 exd4 13. Nc4 Ne5 14. Nxe5 Bxe5 15. Re1 Re8 16. Bd2 Qxd5 17. Qxd5 Nxd5 18.
Be4 Rad8 19. Bxd5 Rxd5 20. f4 f6 21. fxe5 fxe5 22. Re4 Re7 23. Rae1 Kf7 24. Bb4 Re8 25. Kf2 Ke6 26. Ke2 a5 27. Bd2 Rf8 28. Kd3 Rf2 29.
R1e2 Rxe2 30. Kxe2 Rb5 31. b3 Kd5 32. Kd3 a4 33. b4 Rb6 34. Be1 Rg6 35. Rg4 Rxg4 36. hxg4 e4+ 37. Ke2 b5 38. Bd2 g6 39. Be1 Kc4 40.
g5 Kd5 41. Bd2 Ke5 42. Bc1 Ke6 43. Bd2 Kd5 44. Bc1 Kc4 45. Bd2 Kd5 46. g3 e3 47.
Bxe3 dxe3 48. Kxe3 Kc4 49. Kd2 Kxb4 50. Kc2 Kc4 51. a3 b4 52. axb4 Kxb4 53. Kb2 Kc4 54. Ka3 Kb5 55. Ka2 Kb4 56. Kb2 a3+ 57. Ka2 Ka4 58.
Ka1 Kb3 59. Kb1 Kc3 60. Ka2 Kd3 61. Kxa3 Ke3 62. Kb3 Kf3 63. Kc3 Kxg3 64. Kd3 Kf4 65. Ke2 Kxg5 66. Kf2 Kg4 67. Kg2 g5 68. Kh2 h5 69. Kh1 Kf3 70. Kh2 g4 71. Kh1 g3 72.
Kg1 h4 73. Kf1 g2+ 74. Kg1 h3 75. Kh2 Kf2 76. Kxh3 g1=Q 77. Kh4 Qg6 78. Kh3 Qh5# 0-1

[Event "Early-Titled-Tuesday-Blitz-February-27-2024"]
[Site "Chess.com"]
[Date "2024.02.27"]
[Round "3"]
[White "Russian_berezka"]
[Black "Adar_07"]
[Result "1-0"]
[WhiteElo "2576"]
[BlackElo "2790"]
[TimeControl "180+1"]
[EndTime "8:28:29 PST"]
[Termination "Russian_berezka won by checkmate"]

1. d4 Nf6 2. c4 e6 3. Nc3 c5 4. d5 exd5 5. cxd5 d6 6. Nf3 g6 7. Nd2 Bg7 8. e4 O-O 9. Be2 a6 10. a4 Nbd7 11. O-O Re8 12. f4 b6 13. Kh1 Bb7 14. Nc4 Qc7 15. Bf3 Rab8 16. g4 Kh8 17. g5 Ng8 18. Be3 Ba8 19. Bf2 b5 20. axb5 axb5 21. Ne3 b4 22. Na4 Bb7 23. Nc4 Ba6 24. Rc1 Ra8 25. b3 Bxc4 26. Rxc4 Nb6 27. Nxb6 Qxb6 28. e5 dxe5 29. Bxc5 Qd8 30. d6 Ra2 31. d7 Re6 32. Bb6 Rxb6 33. Rc8 Rb8 34. Rxb8 Qxb8 35. d8=Q Qb5 36. Q8d5 Qa6 37. Qc4 Qa7 38. Qd8 Rf2 39. Rd1 Qe3 40. Qe4 Qxb3 41. Rc1 Rxf3 42. Qed5 Qxd5 43. Qxd5 Rxf4 44. Rc8 f6 45. Qxg8# 1-0

[Event "Early-Titled-Tuesday-Blitz-February-27-2024"]
[Site "Chess.com"]
[Date "2024.02.27"]
[Round "3"]
[White "Vse_po_kaify"]
[Black "nindjaxx8"]
[Result "0-1"]
[WhiteElo "2188"]
[BlackElo "2659"]
[TimeControl "180+1"]
[EndTime "8:28:29 PST"]
[Termination "nindjaxx8 won on time"]

1. e4 e6 2. d4 d5 3. Bd3 dxe4 4. Bxe4 Nf6 5. Bf3 Be7 6. Nc3 O-O 7. Nge2 c6 8. Bf4 b6 9. Qd2 Bb7 10. Bg3 a5 11. Nf4 Nd5 12. Ncxd5 cxd5 13. O-O Nd7 14. Nd3 Nf6 15. Ne5 Rc8 16. Rfe1 Ne4 17. Qe2 Bf6 18. c3 Qe8 19. c4 Qe7 20. Rac1 Rfd8 21. cxd5 exd5 22.
Qb5 Qb4 23. Qxb4 axb4 24. Nd3 Bxd4 25. Nxb4 Bxb2 26. Rb1 Bc3 27. Red1 Nd2 28. Nd3 Nxb1 29. Rxb1 Ba6 30. Nc1 d4 31. Nb3 d3 32. Rd1 d2 33.
Bf4 Bc4 34. g3 Bxb3 35. axb3 Bb4 36. Kg2 h6 37. h4 f5 38. h5 Kh7 39. Bb7 Rc2 40.
Ba6 Rd4 41. Be3 Rd6 42. Bc4 Bc5 43. Bf4 Rd4 44. Kf3 Rc3+ 45. Ke2 Bb4 0-1

[Event "Early-Titled-Tuesday-Blitz-February-27-2024"]
[Site "Chess.com"]
[Date "2024.02.27"]
[Round "3"]
[White "vladgoncharov"]
[Black "Atousa"]
[Result "1/2-1/2"]
[WhiteElo "2652"]
[BlackElo "2470"]
[TimeControl "180+1"]
[EndTime "8:28:29 PST"]
[Termination "Game drawn by agreement"]

1. d4 Nf6 2. c4 e6 3. Nc3 Bb4 4. e3 O-O 5. Bd3 d5 6. Ne2 dxc4 7. Bxc4 c5 8. O-O a6 9. Bd3 Nbd7 10. a3 Ba5 11. Qc2 cxd4 12. exd4 h6 13. Rd1 Bc7 14.
Ng3 Nb6 15. Qe2 Bd7 16. Nge4 Bc6 17. Bc2 Nbd5 18. Qf3 Nxc3 19. bxc3 Nxe4 20. Bxe4 Qh4 21. Bxc6 Qxh2+ 22. Kf1 bxc6 23. Qxc6 Rac8 24. Qf3 e5 25. Qh3 Qxh3 26. gxh3 exd4 27. cxd4 Rfd8 28. Be3 Bd6 29.
Rd3 Rc2 30. Rc1 Rdc8 31. Rxc2 Rxc2 32. Rb3 Ra2 33. Rb6 Bxa3 34. Rxa6 Ra1+ 35. Ke2 Bb2 36. Rxa1 Bxa1 37. Kd3 Kf8 38. Kc4 Ke7 39. Kd5 Kd7 40. Bd2 Bb2 41. Bb4 h5 42. Bf8 g6 43. Bg7 Bc1 44. Be5 Bg5 45. Ke4 Bd8 46. Kd5 Bh4 47.
f3 Bd8 48. Bd6 Ba5 49. Be5 Bc3 50. Bf6 Ba5 51. Be5 Bd8 52. Bf4 Be7 53. Be3 Bh4 54. Bd2 Bg3 55. Bb4 Bc7 56. Bd2 Bg3 57. Be3 Bc7 58. Bd2 1/2-1/2

[Event "Early-Titled-Tuesday-Blitz-February-27-2024"]
[Site "Chess.com"]
[Date "2024.02.27"]
[Round "3"]
[White "AlainBruxelles"]
[Black "Fumitoks"]
[Result "0-1"]
[WhiteElo "2435"]
[BlackElo "2618"]
[TimeControl "180+1"]
[EndTime "8:28:30 PST"]
[Termination "Fumitoks won on time"]

1. e4 c5 2. Nf3 d6 3. d4 cxd4 4. Nxd4 Nf6 5. Nc3 a6 6. Bg5 Nbd7 7. f4 b5 8. Bd3 Bb7 9. Qe2 h6 10. Bh4 g5 11. fxg5 hxg5 12. Bxg5 b4 13. Na4 Qa5 14. Bxf6 Nxf6 15. b3 Qe5 16. Rd1 Rxh2 17. Rxh2 Qxh2 18.
Bb5+ Kd8 19. Bc6 Qg3+ 20. Kf1 Bxc6 21. Nxc6+ Ke8 22. Nb6 Ng4 23. Rd3 Qf4+ 24. Ke1 Bg7 25. Nxa8 Bc3+ 26. Rxc3 bxc3 27. Nb4 Qc1+ 28. Qd1 Qe3+ 29.
Qe2 Qg1+ 30. Qf1 Qd4 31. Qe2 Qxb4 32. Nc7+ Kd8 33. Nxa6 Qb6 34. a4 Ne5 35. Kd1 Nc6 36. Kc1 Qg1+ 37. Qd1 Qxg2 38. Kb1 Qxe4 39. Qh5 Nb4 40.
Qh8+ Kd7 41. Qxc3 Nxa6 42. Qd2 Nc7 0-1

[Event "Early-Titled-Tuesday-Blitz-February-27-2024"]
[Site "Chess.com"]
[Date "2024.02.27"]
[Round "3"]
[White "Aslanov_Umid"]
[Black "Alex_Sahakyan2006"]
[Result "1-0"]
[WhiteElo "2679"]
[BlackElo "2841"]
[TimeControl "180+1"]
[EndTime "8:28:31 PST"]
[Termination "Aslanov_Umid won on time"]

1. e4 c6 2. d4 d5 3. Nd2 dxe4 4. Nxe4 Nf6 5. Nxf6+ exf6 6. c3 Bd6 7. Bd3 O-O 8.
Qc2 Re8+ 9. Ne2 h6 10. O-O Qc7 11.
h3 c5 12. dxc5 Bxc5 13. Bf4 Qb6 14. b4 Bf8 15. Nd4 Nc6 16. Nxc6 Qxc6 17. a4 a6 18. b5 Qc5 19. bxa6 bxa6 20. Be4 Qc4 21. Bxa8 Qxf4 22. Bc6 Re6 23. Bd5 Re5 24. g3 Rg5 25. Bg2 Qc7 26. h4 Rg4 27. Rae1 Be6 28. Bh3 Rxg3+ 29. fxg3 Bxh3 30. Rf3 Bg4 31. Rf4 h5 32. Qd3 Qb6+ 33.
Kg2 f5 34. Qd4 Qb7+ 35. Kh2 Qc6 36. Qc4 Qb6 37. Re8 Qb2+ 38. Kg1 Qb1+ 39. Rf1 Qb6+ 40. Qd4 Qc7 41. Kh2 Qc6 42. Rfe1 f6 43. Qd8 Qc5 44.
Rxf8+ 1-0

[Event "Early-Titled-Tuesday-Blitz-February-27-2024"]
[Site "Chess.com"]
[Date "2024.02.27"]
[Round "3"]
[White "Mikasinski"]
[Black "Slovineanu"]
[Result "1-0"]
[WhiteElo "2652"]
[BlackElo "2460"]
[TimeControl "180+1"]
[EndTime "8:28:31 PST"]
[Termination "Mikasinski won on time"]

1. e4 e6 2. d4 d5 3. Nc3 Nf6 4. Bg5 dxe4 5. Nxe4 Be7 6. Bxf6 gxf6 7. Nf3 f5 8. Nc3 a6 9. g3 b5 10. Bg2 Bb7 11. O-O Bf6 12. Re1 O-O 13. Ne5 Bxg2 14. Kxg2 b4 15. Qf3 c6 16. Ne2 Qd5 17. c4 bxc3 18.
Nxc3 Qxd4 19. Rad1 Qb4 20. Rd2 Ra7 21. Nd3 Qg4 22.
Qxg4+ fxg4 23. Ne4 Bg7 24. Ndc5 Re8 25. Red1 a5 26.
Nd6 Rf8 27. Nc4 Na6 28. Nd7 Rfa8 29. Nxa5 Nb4 30. a3 Rxa5 31. axb4 Rd5 32. Nb6 Rxd2 33.
Rxd2 Rb8 34. Nd7 Rxb4 35. Rc2 Rxb2 36. Rc4 h5 37. Kf1 f5 38. Rxc6 Bd4 39. Rxe6 Rxf2+ 40. Ke1 Rxh2 41. Rd6 Bf2+ 42. Kf1 Bxg3 43. Rh6 Kg7 44. Rc6 Rf2+ 45. Kg1 Rd2 46. Nf6 h4 47. Nh5+ Kh7 48.
Nf6+ Kg7 49. Nh5+ Kh8 50. Rh6+ Kg8 51. Rf6 Bh2+ 52. Kh1 g3 53. Nf4 Rd1+ 54. Kg2 Rg1+ 55. Kh3 Rf1 56. Rxf5 Kg7 57. Ne6+ Kg6 58. Rxf1 1-0

[Event "Early-Titled-Tuesday-Blitz-February-27-2024"]
[Site "Chess.com"]
[Date "2024.02.27"]
[Round "3"]
[White "ZuraTqebuchava"]
[Black "JoliyRoger"]
[Result "0-1"]
[WhiteElo "2196"]
[BlackElo "2423"]
[TimeControl "180+1"]
[EndTime "8:28:32 PST"]
[Termination "JoliyRoger won on time"]

1. e4 c6 2. d4 d5 3. exd5 cxd5 4. Bd3 Nc6 5. c3 g6 6. h3 Nh6 7. Nf3 Bg7 8. O-O O-O 9. Bf4 f6 10. Qd2 Nf7 11. Bg3 e5 12. dxe5 fxe5 13. Bc2 e4 14. Nd4 Nxd4 15. cxd4 Ng5 16. Kh2 Bxh3 17. Qe3 Bh6 18. Qb3 Qd7 19. Nc3 Bxg2 20. Qxd5+ Qxd5 21. Nxd5 Bxf1 22. Rxf1 Bg7 23. Bb3 Kh8 24. Kg2 Bxd4 25.
Nc7 Rac8 26. Nd5 h5 27. Ne7 Rc6 28. Nxc6 bxc6 29. Rd1 c5 30. Rc1 Kh7 31. Bd6 Rf5 32.
Rd1 Rxf2+ 33. Kh1 Nf3 34. Rc1 Rxb2 35. Bd1 Nd2 36. Bb3 e3 37. Bxc5 Bxc5 38. Rxc5 Nxb3 39. axb3 Rb1+ 40. Kg2 e2 41. Rc7+ Kh6 42. Kh3 e1=Q 0-1

[Event "Early-Titled-Tuesday-Blitz-February-27-2024"]
[Site "Chess.com"]
[Date "2024.02.27"]
[Round "3"]
[White "Kazancev_Valerij_M"]
[Black "abelmat"]
[Result "1-0"]
[WhiteElo "2374"]
[BlackElo "2077"]
[TimeControl "180+1"]
[EndTime "8:28:32 PST"]
[Termination "Kazancev_Valerij_M won on time"]

1. c4 Nf6 2. g3 e6 3. Bg2 d5 4. Nf3 Be7 5. O-O O-O 6. b3 b6 7. Bb2 Bb7 8. e3 Nbd7 9. Qe2 c5 10. Rd1 Rc8 11. Na3 Re8 12. Rac1 Bd6 13. Nb5 Bb8 14. d4 a6 15. Na3 Qe7 16. cxd5 exd5 17. dxc5 bxc5 18.
Nh4 g6 19. Nc2 Be5 20. Ba3 Nb6 21. Nd4 Bxd4 22. Rxd4 cxd4 23. Rxc8 Qxa3 24. Rxe8+ Nxe8 25. exd4 Nf6 26. Qe5 Qc1+ 27. Bf1 Qc6 28. Qg5 Nbd7 29. Nf5 Qe6 30. Ne3 a5 31. Bb5 Bc6 32. Bd3 a4 33. Bf5 Qe7 34. bxa4 Kh8 35. Bc2 Kg7 36. Nf5+ Kf8 37. Nxe7 Kxe7 38. a5 Bb7 39. Bd3 h5 40. a6 Ba8 41. Bb5 Nb6 42. Qe5+ Kf8 43. Qxf6 Nc4 44. Qd8+ 1-0

[Event "Early-Titled-Tuesday-Blitz-February-27-2024"]
[Site "Chess.com"]
[Date "2024.02.27"]
[Round "3"]
[White "ScofieldMichael01"]
[Black "Bkmzzzzz"]
[Result "1-0"]
[WhiteElo "2609"]
[BlackElo "2380"]
[TimeControl "180+1"]
[EndTime "8:28:34 PST"]
[Termination "ScofieldMichael01 won by checkmate"]

1. Nf3 d6 2. d4 Nd7 3. g3 e5 4. dxe5 dxe5 5. Bg2 Ngf6 6. O-O Be7 7. b3 O-O 8. Bb2 Bd6 9. Nbd2 Qe7 10. e4 b5 11.
Qe2 a6 12. Nh4 Nc5 13. Nf5 Bxf5 14. exf5 Rab8 15. Rfe1 Rfe8 16. Rad1 Qd7 17. g4 h6 18. h4 Nh7 19. Qe3 Qe7 20. Qh3 a5 21. f4 Nd7 22.
Ne4 Ba3 23. Bxa3 Qxa3 24. Rxd7 exf4 25. g5 Qxa2 26. gxh6 Qxc2 27. Qg4 Qb2 28. f6 g6 29. h5 Nxf6 30. Nxf6+ Qxf6 31. Rxe8+ Rxe8 32. hxg6 fxg6 33. Rg7+ Kh8 34. Rxg6 Qd4+ 35. Kh2 Qe5 36. Bf3 Qb2+ 37. Kh3 Qa1 38. Qxf4 Qf1+ 39. Kg4 Qg1+ 40. Qg3 Qd4+ 41. Kh3 Qd7+ 42. Bg4 Qd2 43. Bf5 Qb2 44. h7 Kxh7 45.
Rg8+ Kh6 46. Qg6# 1-0